Match 47315394
Unlisted

Match 47315394
End
Construct Section Command Post
Vickers Machine Gun Team
Dingo Light Scout Car
Infantry Section
Infantry Section
Construct Platoon Command Post
CMP 15cwt Truck
6-pounder Anti-tank Gun Team
Unlock M3 Stuart Light Tanks
Grenade Package
M3 Stuart Light Tank
Light Vehicle Training
Infantry Section
Infantry Training
Selects Indian Artillery Battlegroup
Selects Valour
Selects Gurkha Rifles Section
Gurkha Rifles Section
M3 Stuart Light Tank
Selects Volunteer Infantry
Infantry Section
M3 Stuart Light Tank
M3 Stuart Light Tank
Royal Engineer Section
Gurkha Rifles Section
6-pounder Anti-tank Gun Team
M3 Stuart Light Tank
6-pounder Anti-tank Gun Team
帕鲁与邦布
CannonFodder
panther
potatoo
Mr.Faraam
Bia Bia Bia
찐ENDEX
.k boy
0
0

Comments sign in to comment!

No comments posted yet!